[Event "ICCopen2017"]
[Site "Internet Chess Club"]
[Date "2017.03.19"]
[Round "4"]
[White "tonychess2014"]
[Black "JESSEJOSE"]
[Result "1-0"]
[ICCResult "Black resigns"]
[WhiteElo "1850"]
[BlackElo "1632"]
[Opening "Scandinavian (center counter) defense"]
[ECO "B01"]
[NIC "VO.17"]
[Time "19:49:26"]
[TimeControl "180+0"]

1. e4 d5 2. exd5 Qxd5 3. d4 Bf5 4. Nf3 Qe4+ 5. Be2 Qxc2 6. Qxc2 Bxc2 7. Nc3
c6 8. O-O e6 9. Bf4 Nf6 10. Rac1 Bg6 11. Ne5 Bb4 12. Nxg6 hxg6 13. a3 Bxc3
14. bxc3 O-O 15. Bf3 Nbd7 16. Rb1 Nb6 17. Rfc1 Nfd5 18. Bg3 f5 19. c4 f4 20.
cxd5 fxg3 21. dxc6 gxh2+ 22. Kxh2 bxc6 23. Rxc6 Rae8 24. Rc7 Rf7 25. Rc6 Rf4
26. Rc7 Rxd4 27. Rxa7 Nd5 28. Bxd5 exd5 29. Rbb7 Rh4+ 30. Kg3 Rh7 31. Rd7
Re5 32. Ra8+ {Black resigns} 1-0

[Event "ICCopen2017"]
[Site "Internet Chess Club"]
[Date "2017.03.19"]
[Round "4"]
[White "elshaddai"]
[Black "zelog"]
[Result "1/2-1/2"]
[ICCResult "Game drawn by repetition"]
[WhiteElo "1660"]
[BlackElo "2044"]
[Opening "French: exchange variation"]
[ECO "C01"]
[NIC "FR.01"]
[Time "19:48:21"]
[TimeControl "180+0"]

1. e4 e6 2. d4 d5 3. exd5 exd5 4. Nf3 Nc6 5. Nc3 Bb4 6. Be3 Nge7 7. h3 Bf5
8. Bd3 Qd7 9. O-O O-O-O 10. a3 Bxc3 11. bxc3 f6 12. a4 Na5 13. Rb1 g5 14.
Nd2 h5 15. Nb3 Nxb3 16. cxb3 h4 17. c4 g4 18. Bxf5 Nxf5 19. Qxg4 Rdg8 20.
Qf4 Rg6 21. Kh2 Rhg8 22. Rg1 Nxe3 23. Qxe3 Qd6+ 24. Kh1 b6 25. c5 Qd7 26. b4
Qxa4 27. Ra1 Qxb4 28. Rxa7 Kb8 29. Rga1 Rxg2 30. Ra8+ Kb7 31. c6+ Kxc6 32.
Qc1+ Kd7 33. Rxg8 Rxg8 34. Ra7 Qd6 35. Qc2 Rg7 36. Qf5+ Kc6 37. Qc2+ Kd7 38.
Qf5+ Kc6 39. Qc2+ Kd7 40. Qf5+ Kc6 {Game drawn by repetition} 1/2-1/2

[Event "ICCopen2017"]
[Site "Internet Chess Club"]
[Date "2017.03.19"]
[Round "4"]
[White "mvillalba"]
[Black "Iamwell"]
[Result "1-0"]
[ICCResult "Black forfeits on time"]
[WhiteElo "2156"]
[BlackElo "1922"]
[Opening "QGD: Tarrasch, Prague variation, 9.Bg5"]
[ECO "D02"]
[NIC "TD.03"]
[Time "19:48:41"]
[TimeControl "180+0"]

1. d4 d5 2. Nf3 e6 3. c4 c5 4. cxd5 exd5 5. g3 Nc6 6. Bg2 Nf6 7. O-O Be7 8.
Nc3 O-O 9. Bg5 c4 10. Ne5 Be6 11. Nxc6 bxc6 12. b3 Qa5 13. Qd2 Rad8 14. Rfd1
h6 15. Bxf6 Bxf6 16. bxc4 dxc4 17. e3 Bg4 18. Rdc1 c5 19. d5 Bh5 20. Rab1
Rfe8 21. Qc2 Bg6 22. Be4 Bxc3 23. Bxg6 fxg6 24. Qxc3 Qxa2 25. Rb2 Qa6 26.
Rd2 Re4 27. f3 Re7 28. e4 g5 29. g4 Rf8 30. Rf2 Rb7 31. Qxc4 Qxc4 32. Rxc4
Rb5 33. Kg2 Kf7 34. Rfc2 Rc8 35. e5 Ke7 36. Kg3 a6 37. h4 gxh4+ 38. Kxh4 Rb3
39. Kg3 Rf8 40. R4c3 Rxc3 41. Rxc3 Rc8 42. f4 a5 43. Kf3 c4 44. Ke4 a4 45.
d6+ Ke6 46. f5+ Kd7 47. Kd5 Ra8 48. e6+ Kd8 49. Rxc4 a3 50. d7 a2 51. Kd6
Ra6+ 52. Rc6 Rxc6+ 53. Kxc6 a1=Q 54. f6 gxf6 55. Kd6 Qd4+ 56. Kc6 Qe5 57.
e7+ Kxe7 58. Kb6 {Black forfeits on time} 1-0

[Event "ICCopen2017"]
[Site "Internet Chess Club"]
[Date "2017.03.19"]
[Round "4"]
[White "LittleMaster"]
[Black "Chessjester"]
[Result "1-0"]
[ICCResult "Black resigns"]
[WhiteElo "2299"]
[BlackElo "1853"]
[Opening "Benko's opening"]
[ECO "A00"]
[NIC "VO.09"]
[Time "19:48:55"]
[TimeControl "180+0"]

1. g3 e6 2. Bg2 f5 3. Nf3 Nf6 4. O-O d5 5. d4 Bd6 6. c3 O-O 7. Nbd2 b6 8. b3
Bb7 9. Bb2 Nbd7 10. c4 Ne4 11. Nxe4 fxe4 12. Ne5 c5 13. e3 Qc7 14. Nxd7 Qxd7
15. Qg4 Rad8 16. Rfd1 Qf7 17. Bh3 Qxf2+ 18. Kh1 Qxb2 19. Rf1 cxd4 20. Qxe6+
Kh8 21. cxd5 dxe3 22. Rae1 Qe5 23. Rxf8+ Rxf8 24. Qxe5 Bxe5 25. Rxe3 Bxd5
26. Bg2 Bd4 27. Re1 Re8 28. Rd1 Bf2 29. Rxd5 e3 30. Bf3 h6 31. Kg2 Be1 32.
Kf1 Bd2 33. Ke2 Rc8 34. Be4 Re8 35. Bg6 Kg8 36. Bxe8 {Black resigns} 1-0

[Event "ICCopen2017"]
[Site "Internet Chess Club"]
[Date "2017.03.19"]
[Round "4"]
[White "A4-H5"]
[Black "Massada"]
[Result "1-0"]
[ICCResult "Black forfeits on time"]
[WhiteElo "1874"]
[BlackElo "1497"]
[Opening "Queen's pawn game"]
[ECO "D02"]
[NIC "QP.08"]
[Time "19:48:55"]
[TimeControl "180+0"]

1. d4 d5 2. Nf3 e6 3. Bg5 Nf6 4. e3 c5 5. Bb5+ Nc6 6. Ne5 Qb6 7. Nc3 Ne4 8.
Nxe4 Qxb5 9. Nxc6 dxe4 10. Ne5 cxd4 11. exd4 f6 12. Qh5+ g6 13. Nxg6 Qxg5
14. Qxg5 fxg5 15. Nxh8 Bg7 16. Ng6 hxg6 17. c3 Bd7 18. Ke2 e5 19. d5 Bb5+
20. Ke3 Bd3 21. b3 b5 22. a4 Bh6 23. g4 O-O-O 24. axb5 Rxd5 25. c4 Rd4 26.
Rxa7 Rd8 27. Ra8+ {Black forfeits on time} 1-0

[Event "ICCopen2017"]
[Site "Internet Chess Club"]
[Date "2017.03.19"]
[Round "4"]
[White "MDRAFE3"]
[Black "M-Ezat"]
[Result "0-1"]
[ICCResult "White resigns"]
[WhiteElo "1905"]
[BlackElo "2278"]
[Opening "Trompowsky attack (Ruth, Opocenský opening)"]
[ECO "A45"]
[NIC "QP.07"]
[Time "19:48:46"]
[TimeControl "180+0"]

1. d4 Nf6 2. Bg5 c5 3. dxc5 Ne4 4. Be3 Na6 5. a3 Nexc5 6. b4 Ne6 7. c4 g6 8.
Nc3 Bg7 9. Rc1 O-O 10. Nf3 Nac7 11. g3 a5 12. b5 d6 13. Bg2 Nc5 14. O-O Be6
15. Nd2 Qd7 16. Bxc5 dxc5 17. Bxb7 Rad8 18. Nf3 Qxd1 19. Nxd1 Na8 20. Bxa8
Rxa8 21. Ng5 Bf5 22. Ne3 Bb2 23. Nxf5 gxf5 24. Rcd1 Bxa3 25. Rd7 Bb2 26. Rb1
Bf6 27. Nf3 a4 28. b6 a3 29. b7 a2 30. Rbd1 a1=Q 31. Rxa1 Rxa1+ 32. Kg2 Rb8
33. Nd2 Rd1 34. Kf3 Kg7 35. Ke3 Bc3 {White resigns} 0-1

[Event "ICCopen2017"]
[Site "Internet Chess Club"]
[Date "2017.03.19"]
[Round "4"]
[White "OparinGrigoriy"]
[Black "Hesham-A"]
[Result "1-0"]
[ICCResult "Black resigns"]
[WhiteElo "2811"]
[BlackElo "2508"]
[Opening "Réti opening"]
[ECO "A04"]
[NIC "QP.11"]
[Time "19:49:13"]
[TimeControl "180+0"]

1. Nf3 d6 2. g3 g6 3. Bg2 Bg7 4. c4 c5 5. Nc3 Nf6 6. d4 cxd4 7. Nxd4 O-O 8.
O-O Nc6 9. Nxc6 bxc6 10. Bxc6 Rb8 11. Bg2 Rb4 12. b3 Be6 13. Bd2 Rb8 14. e4
Qa5 15. Nd5 Qd8 16. Rc1 Nd7 17. Qe2 Nc5 18. f4 Qd7 19. f5 Bxd5 20. exd5 Qc7
21. b4 Nd7 22. c5 Bd4+ 23. Kh1 dxc5 24. bxc5 Rb2 25. c6 Nf6 26. Qd3 Be5 27.
Rc2 Rxc2 28. Qxc2 Rd8 29. Qc5 Bd6 30. Qa5 Be5 31. Qc5 Bd6 32. Ba5 Bxc5 33.
Bxc7 Rc8 34. Ba5 Ng4 35. fxg6 hxg6 36. Bh3 f5 37. Bxg4 fxg4 38. Kg2 e6 39.
Rc1 Bb6 40. Bxb6 axb6 41. d6 {Black resigns} 1-0

[Event "ICCopen2017"]
[Site "Internet Chess Club"]
[Date "2017.03.19"]
[Round "4"]
[White "ibarra"]
[Black "Red-white"]
[Result "1/2-1/2"]
[ICCResult "Game drawn by repetition"]
[WhiteElo "2695"]
[BlackElo "3001"]
[Opening "Ruy Lopez: exchange, Bronstein variation"]
[ECO "C68"]
[NIC "RL.08"]
[Time "19:48:52"]
[TimeControl "180+0"]

1. e4 e5 2. Nf3 Nc6 3. Bb5 a6 4. Bxc6 dxc6 5. O-O Qd6 6. Na3 Be6 7. Qe2 f6
8. d4 exd4 9. Rd1 Bg4 10. c3 Qe6 11. cxd4 Bxa3 12. bxa3 Ne7 13. Bf4 Nd5 14.
Bd2 f5 15. Re1 Ne7 16. h3 Bxf3 17. Qxf3 O-O-O 18. exf5 Qd7 19. Bg5 Rde8 20.
Rxe7 Rxe7 21. Bxe7 Qxe7 22. Qe3 Qd7 23. Qe6 Re8 24. Qxd7+ Kxd7 25. Kf1 Kd6
26. Rd1 Kd5 27. g4 h6 28. Kg2 Re4 29. Kf3 Rxd4 30. Re1 Rd3+ 31. Kf4 Rd4+ 32.
Kf3 Rd3+ 33. Kf4 Rd4+ 34. Kf3 {Game drawn by repetition} 1/2-1/2

[Event "ICCopen2017"]
[Site "Internet Chess Club"]
[Date "2017.03.19"]
[Round "4"]
[White "RockyTop"]
[Black "jbow79"]
[Result "1/2-1/2"]
[ICCResult "Game drawn by mutual agreement"]
[WhiteElo "1592"]
[BlackElo "946"]
[Opening "Scandinavian (center counter) defense"]
[ECO "B01"]
[NIC "VO.17"]
[Time "19:48:34"]
[TimeControl "180+0"]

1. e4 d5 2. exd5 Qxd5 3. Nf3 Qd8 4. d4 Bg4 5. c4 Nf6 6. Be2 c6 7. Nc3 e6 8.
h3 Bxf3 9. Bxf3 Be7 10. Be3 Nbd7 11. Qb3 Qb6 12. O-O Qxb3 13. axb3 O-O 14.
Rfd1 a6 15. Na4 Rad8 16. Nc5 Nxc5 17. dxc5 Rxd1+ 18. Rxd1 Rd8 19. b4 Rxd1+
20. Bxd1 Nd7 21. b3 Ne5 22. Bf4 Ng6 23. Bg3 Bf6 24. Bf3 Bc3 25. b5 Ne5 26.
Bxe5 Bxe5 27. bxc6 bxc6 28. Bxc6 Bd4 29. b4 Kf8 30. b5 axb5 31. cxb5 Bxc5
32. Kf1 Ke7 33. Ke2 Kd6 34. f3 Bb6 35. Kd3 Kc5 36. Ke4 f6 37. f4 h6 38. Bd7
Kd6 39. Be8 Ke7 40. Bg6 Kd6 41. Be8 Ke7 42. Bc6 Kd6 43. g4 Bf2 44. f5 e5 45.
Bd5 Bb6 46. Bc6 Bc5 47. Be8 Bb6 48. Bc6 Bc5 49. Be8 Bb6 50. Bc6 Bc5 51. Bd5
Bb6 52. Be6 Bc5 53. Bd5 Bb6 54. Bg8 Bc5 55. h4 Bf2 56. h5 Bb6 57. Bh7 Bc5
58. Bg6 Bb6 59. Bf7 Bc5 60. Bg8 Bb6 61. Bd5 Bc5 62. Bc6 Bb6 63. Kd3
{Game drawn by mutual agreement}
1/2-1/2

[Event "ICCopen2017"]
[Site "Internet Chess Club"]
[Date "2017.03.19"]
[Round "4"]
[White "iragefree"]
[Black "e8thatcat"]
[Result "0-1"]
[ICCResult "White checkmated"]
[WhiteElo "1622"]
[BlackElo "1376"]
[Opening "QGD: exchange, positional line, 5...c6"]
[ECO "D35"]
[NIC "QO.16"]
[Time "19:49:19"]
[TimeControl "180+0"]

1. d4 Nf6 2. c4 e6 3. Nc3 d5 4. cxd5 exd5 5. Bg5 c6 6. e3 Be7 7. Bd3 Bg4 8.
f3 Bh5 9. Qc2 Bg6 10. Nge2 Bxd3 11. Qxd3 Nbd7 12. O-O-O O-O 13. g4 h6 14.
Bh4 Nh7 15. Bf2 Ng5 16. f4 Ne6 17. h4 Nb6 18. f5 Nc7 19. Rdg1 Nc4 20. g5 h5
21. f6 Bb4 22. fxg7 Kxg7 23. Nf4 Rh8 24. Qe2 Bxc3 25. bxc3 Qe7 26. Nxh5+
Rxh5 27. Qxh5 Qa3+ 28. Kd1 Qb2 29. Be1 Nxe3# {White checkmated} 0-1

[Event "ICCopen2017"]
[Site "Internet Chess Club"]
[Date "2017.03.19"]
[Round "4"]
[White "whiteshark"]
[Black "manest"]
[Result "1/2-1/2"]
[ICCResult "Game drawn by repetition"]
[WhiteElo "2495"]
[BlackElo "2838"]
[Opening "French: Steinitz variation"]
[ECO "C11"]
[NIC "FR.04"]
[Time "19:48:44"]
[TimeControl "180+0"]

1. e4 e6 2. d4 d5 3. Nc3 Nf6 4. e5 Nfd7 5. Nce2 c5 6. c3 Nc6 7. f4 b6 8. Nf3
Ba6 9. Ng3 Bxf1 10. Nxf1 g6 11. Ne3 Rc8 12. O-O h5 13. Kh1 Be7 14. Bd2 Qc7
15. Rc1 Qb7 16. Be1 h4 17. h3 Rh5 18. Ng4 cxd4 19. cxd4 Qa6 20. Bf2 Kf8 21.
a3 Kg7 22. Qe1 Rhh8 23. Rc3 Qb5 24. Qa1 Na5 25. Rxc8 Rxc8 26. b4 Nc4 27.
Bxh4 Bxh4 28. Nxh4 Nd2 29. Rd1 Ne4 30. Rc1 Rc4 31. Rxc4 Qxc4 32. Qe1 Qxd4
33. Nf3 Qc3 34. Qh4 Qc1+ 35. Kh2 Qxf4+ 36. Kg1 d4 37. Qd8 Qc1+ 38. Kh2 Qf4+
39. Kg1 d3 40. Qxd7 Qc1+ 41. Kh2 Qf4+ 42. Kh1 Qc1+ 43. Kh2 Qf4+ 44. Kg1 Qc1+
45. Kh2 Qf4+ {Game drawn by repetition} 1/2-1/2

[Event "ICCopen2017"]
[Site "Internet Chess Club"]
[Date "2017.03.19"]
[Round "4"]
[White "habishek"]
[Black "manneredmonkey"]
[Result "0-1"]
[ICCResult "White checkmated"]
[WhiteElo "1033"]
[BlackElo "1713"]
[Opening "King's pawn opening"]
[ECO "B07"]
[NIC "VO.17"]
[Time "19:49:16"]
[TimeControl "180+0"]

1. e4 d6 2. d3 Nf6 3. Bg5 g6 4. Bxf6 exf6 5. Nc3 Bg7 6. Nge2 O-O 7. g3 f5 8.
exf5 Bxf5 9. Bg2 Nc6 10. O-O Re8 11. Re1 Qd7 12. Rb1 Rad8 13. b3 Bg4 14. h3
Bxc3 15. Nxc3 Bxd1 16. Rxe8+ Rxe8 17. Rxd1 Nd4 18. Nd5 Kg7 19. Kf1 c6 20.
Ne3 Nf5 21. Nxf5+ Qxf5 22. g4 Qe5 23. Kg1 Qe2 24. Rc1 Qd2 25. Rf1 Qxc2 26.
f3 Re2 27. Bh1 Qxa2 28. b4 Rd2 29. b5 cxb5 30. f4 Rxd3 31. Bxb7 Rg3+ 32. Kh1
Rxh3+ 33. Kg1 Qe2 34. Bg2 Rg3 35. Rf2 Qxg4 36. Kf1 Qd1# {White checkmated}
0-1

[Event "ICCopen2017"]
[Site "Internet Chess Club"]
[Date "2017.03.19"]
[Round "4"]
[White "alan2015"]
[Black "Chisel"]
[Result "1-0"]
[ICCResult "Black checkmated"]
[WhiteElo "1428"]
[BlackElo "1726"]
[Opening "Ruy Lopez: Noah's ark trap"]
[ECO "C71"]
[NIC "RL.10"]
[Time "19:48:08"]
[TimeControl "180+0"]

1. e4 e5 2. Nf3 Nc6 3. Bb5 a6 4. Ba4 d6 5. d4 b5 6. Bb3 Nxd4 7. Nxd4 exd4 8.
Qxd4 c5 9. Qd5 Be6 10. Qc6+ Bd7 11. Qd5 Be6 12. Qc6+ Bd7 13. Qd5 Be6 14.
Qc6+ Bd7 15. Qd5 c4 16. Bxc4 bxc4 17. Qxc4 Rc8 18. Qxa6 Rxc2 19. Nc3 Nf6 20.
Qd3 Rxc1+ 21. Rxc1 Be7 22. O-O O-O 23. Rfd1 Qb6 24. b3 Ng4 25. Qe2 Ne5 26.
Nd5 Qd8 27. Nxe7+ Qxe7 28. Rc7 Qe6 29. Rdc1 h6 30. f4 Re8 31. fxe5 dxe5 32.
Qd3 Re7 33. Rd1 Bb5 34. Qd8+ Re8 35. Qd6 Qg4 36. Qd5 Re7 37. Rxe7 Be2 38.
Qxf7+ Kh7 39. Rdd7 Qg5 40. Qxg7+ Qxg7 41. Rxg7+ Kh8 42. Rh7+ Kg8 43. Rdg7+
Kf8 44. Rc7 Bb5 45. b4 Be8 46. Rh8# {Black checkmated} 1-0

[Event "ICCopen2017"]
[Site "Internet Chess Club"]
[Date "2017.03.19"]
[Round "4"]
[White "croder"]
[Black "markovichgoran"]
[Result "1-0"]
[ICCResult "Black resigns"]
[WhiteElo "1581"]
[BlackElo "2376"]
[Opening "Vienna game, Max Lange defense"]
[ECO "C25"]
[NIC "VG.04"]
[Time "19:48:37"]
[TimeControl "180+0"]

1. e4 e5 2. Nc3 Nc6 3. d3 Nf6 4. Nf3 Bc5 5. Be3 Bxe3 6. fxe3 d5 7. exd5 Nxd5
8. Nxd5 Qxd5 9. Be2 O-O 10. O-O Bg4 11. Kh1 Rad8 12. a3 f5 13. Qe1 e4 14.
dxe4 fxe4 15. Ng1 Bxe2 16. Qxe2 Ne5 17. Rfd1 Qc6 18. Rxd8 Rxd8 19. Nh3 h6
20. Nf4 Nc4 21. b3 Ne5 22. Rc1 Qc3 23. h3 Rd2 24. Qh5 Rd8 25. Qe2 Nd3 26.
Rf1 Nxf4 27. exf4 e3 28. Rf3 Rd2 29. Qxe3 Qxe3 30. Rxe3 Rxc2 31. Kh2 Kf7 32.
Kg3 c5 33. Kf3 b5 34. g4 c4 35. bxc4 bxc4 36. Ke4 a5 37. Kd4 a4 38. Kc5 Rf2
39. f5 Rf4 40. Rc3 Kf6 41. Kb4 Kg5 42. Kxa4 Kh4 43. Kb5 Rf2 44. a4 Kg5 45.
a5 Rb2+ 46. Kxc4 Kf4 47. Kc5 Ke4 48. Rc4+ Ke5 49. Rb4 Ra2 50. Kb5 Kd6 51. a6
Kc7 52. Rc4+ Kb8 53. Kc6 Ka7 54. Kd6 Rxa6+ 55. Ke7 g6 56. f6 Ra4 57. Rxa4+
Kb6 58. f7 {Black resigns} 1-0

[Event "ICCopen2017"]
[Site "Internet Chess Club"]
[Date "2017.03.19"]
[Round "4"]
[White "zoujun1966"]
[Black "RnZ"]
[Result "0-1"]
[ICCResult "White forfeits on time"]
[WhiteElo "1544"]
[BlackElo "2033"]
[Opening "Sicilian: dragon, Yugoslav attack, 7...O-O"]
[ECO "B76"]
[NIC "SI.17"]
[Time "19:48:32"]
[TimeControl "180+0"]

1. e4 c5 2. Nf3 d6 3. d4 cxd4 4. Nxd4 Nf6 5. Nc3 g6 6. Be3 Bg7 7. f3 O-O 8.
Be2 Nc6 9. Qd2 d5 10. exd5 Nxd5 11. Nxd5 Qxd5 12. c4 Qe5 13. Rd1 Be6 14.
Nxe6 Qxe6 15. Kf2 Ne5 16. b3 Qf6 17. f4 Nc6 18. Rhe1 e5 19. Kg1 Rad8 20.
fxe5 Qxe5 21. Qc1 Rxd1 22. Bxd1 Qa5 23. Qd2 Bc3 24. Qd5 Bxe1 25. Qxa5 Bxa5
26. a3 Bb6 27. c5 Bc7 28. b4 a5 29. b5 Re8 30. Kf2 Ne5 31. Bb3 b6 32. cxb6
Bb8 33. Bg5 Kg7 34. Bd5 f6 35. b7 fxg5 {White forfeits on time} 0-1

[Event "ICCopen2017"]
[Site "Internet Chess Club"]
[Date "2017.03.19"]
[Round "4"]
[White "watchout"]
[Black "tirandopiezas"]
[Result "0-1"]
[ICCResult "White forfeits on time"]
[WhiteElo "1400"]
[BlackElo "1830"]
[Opening "Two knights defense"]
[ECO "C55"]
[NIC "KP.02"]
[Time "19:48:40"]
[TimeControl "180+0"]

1. e4 e5 2. Nf3 Nc6 3. d4 exd4 4. Bc4 Nf6 5. O-O d6 6. Nxd4 Be7 7. Re1 O-O
8. Nc3 Nxd4 9. Qxd4 b6 10. Be3 Bb7 11. Rad1 Ng4 12. h3 Bf6 13. Qd3 Ne5 14.
Qe2 Nxc4 15. Qxc4 Re8 16. f3 Bh4 17. Bf2 Bxf2+ 18. Kxf2 Qh4+ 19. Kg1 Re6 20.
Qxc7 Re7 21. Qxd6 Rf8 22. Nd5 Bxd5 23. Qxd5 Re6 24. Qf5 Rg6 25. Re2 h6 26.
Qe5 Qxh3 27. Qh2 Qxf3 28. Ree1 Kh7 29. Rf1 Qxe4 30. Rd7 f5 31. Rxa7 f4 32.
Qh4 Qe3+ 33. Qf2 Qh3 34. Re7 f3 35. Re2 Rxg2+ 36. Qxg2 fxg2 37. Rxg2 Rxf1+
38. Kxf1 Qh1+ 39. Kf2 Qc1 40. Kf3 Qxb2 41. c3 Qxc3+ 42. Kf2 Qb2+ 43. Kf3
Qa3+ 44. Kf2 Qxa2+ 45. Kf3 Qxg2+ 46. Kxg2 b5 47. Kf2 h5 48. Ke2 g5 49. Kd2
h4 50. Kc3 h3 51. Kb4 h2 52. Kxb5 h1=Q 53. Kc5 Qf3 54. Kb5 g4 55. Kc5 g3
{White forfeits on time}
0-1

[Event "ICCopen2017"]
[Site "Internet Chess Club"]
[Date "2017.03.19"]
[Round "4"]
[White "WoodPushkin"]
[Black "Mormegil"]
[Result "1-0"]
[ICCResult "Black resigns"]
[WhiteElo "1657"]
[BlackElo "1752"]
[Opening "Sicilian: Taimanov variation"]
[ECO "B46"]
[NIC "SI.43"]
[Time "19:49:28"]
[TimeControl "180+0"]

1. e4 c5 2. Nf3 e6 3. Nc3 a6 4. d4 cxd4 5. Nxd4 Nc6 6. Nxc6 bxc6 7. Bd3 d5
8. exd5 cxd5 9. O-O Nf6 10. Bg5 Be7 11. b3 Bb7 12. Qe2 O-O 13. Nd1 d4 14. c3
Qd5 15. Qf3 Qxf3 16. gxf3 Bxf3 17. cxd4 Rad8 18. Bxa6 Rxd4 19. Ne3 Ra8 20.
Bc4 Rc8 21. Bxf6 Bxf6 22. Rac1 Rc5 23. Rfe1 Rg5+ 24. Kf1 Rh5 25. Kg1 Be5 26.
Be2 Bxh2+ 27. Kf1 Bxe2+ 28. Kxe2 Be5 29. Rc8+ {Black resigns} 1-0

[Event "ICCopen2017"]
[Site "Internet Chess Club"]
[Date "2017.03.19"]
[Round "4"]
[White "VrloJakMK"]
[Black "jupiter26"]
[Result "1-0"]
[ICCResult "Black checkmated"]
[WhiteElo "2085"]
[BlackElo "1690"]
[Opening "QGD semi-Slav"]
[ECO "D43"]
[NIC "SL.03"]
[Time "19:48:02"]
[TimeControl "180+0"]

1. d4 d5 2. c4 c6 3. Nc3 Nf6 4. Nf3 e6 5. g3 Bd6 6. Bg2 O-O 7. O-O dxc4 8.
a4 b6 9. a5 b5 10. Ne5 Bxe5 11. dxe5 Nd5 12. Ne4 f6 13. exf6 gxf6 14. Bh6
Rf7 15. Qd2 Qe7 16. Qd4 e5 17. Qd2 Nd7 18. h4 Nc5 19. Nxc5 Qxc5 20. e4 Be6
21. exd5 cxd5 22. Be3 Qd6 23. Rfe1 Rd8 24. Bh6 d4 25. Be4 Bd5 26. Bxd5 Qxd5
27. Qb4 e4 28. Rad1 f5 29. Bf4 d3 30. Rd2 Rfd7 31. Rc1 a6 32. b3 Rc8 33.
bxc4 bxc4 34. Bh6 Rc6 35. Qb8+ Rd8 36. Qf4 c3 37. Rdd1 d2 38. Rc2 Qd3 39.
Qg5+ Rg6 40. Qe7 Qxc2 41. Qxd8+ Kf7 42. Qf8+ Ke6 43. Qe8+ Kd5 44. Qd7+ Kc4
45. Qb7 Kd3 46. Qd5+ Ke2 47. Rf1 Qd1 48. Qc4+ Kf3 49. Qxc3+ Kg4 50. Bxd2
Qxf1+ 51. Kxf1 Kh5 52. Qe3 Rg4 53. Qh6# {Black checkmated} 1-0

[Event "ICCopen2017"]
[Site "Internet Chess Club"]
[Date "2017.03.19"]
[Round "4"]
[White "chesscomet"]
[Black "fletcherdavid"]
[Result "0-1"]
[ICCResult "White checkmated"]
[WhiteElo "1636"]
[BlackElo "1823"]
[Opening "Caro-Kann: closed (Breyer) variation"]
[ECO "B10"]
[NIC "CK.01"]
[Time "19:48:20"]
[TimeControl "180+0"]

1. e4 c6 2. d3 d5 3. Nd2 e5 4. Ngf3 Bd6 5. g3 f5 6. Bg2 Nf6 7. exd5 cxd5 8.
O-O O-O 9. Re1 Nc6 10. Nf1 e4 11. dxe4 fxe4 12. N3d2 Bg4 13. f3 exf3 14.
Nxf3 Bc5+ 15. Be3 Qb6 16. Bxc5 Qxc5+ 17. Kh1 Rad8 18. Qd3 Bxf3 19. Bxf3 Qd4
20. Qxd4 Nxd4 21. Bd1 Ne4 22. c3 Nf2+ 23. Kg2 Nxd1 24. Raxd1 Nc6 25. Ne3 d4
26. cxd4 Rxd4 27. Re2 Rfd8 28. Rde1 Rd2 29. Kf3 Ne5+ 30. Ke4 Rxe2 31. Rxe2
Nc6 32. Kf3 Nd4+ 33. Kf2 Nxe2 34. Kxe2 Kf7 35. a3 h5 36. h4 Kf6 37. Kf3 b5
38. Kf4 Rd4+ 39. Kf3 a5 40. Nc2 Rc4 41. Ne3 Rc5 42. Ke4 b4 43. Nd5+ Rxd5 44.
Kxd5 bxa3 45. bxa3 Kf5 46. Kc5 Kg4 47. Kb5 Kxg3 48. Kxa5 Kxh4 49. Kb6 g5 50.
a4 g4 51. a5 g3 52. a6 g2 53. a7 g1=Q+ 54. Kb7 Qh1+ 55. Ka6 Kg5 56. Kb6 h4
57. Kc7 Qa8 58. Kb6 h3 59. Ka6 h2 60. Kb6 h1=Q 61. Ka6 Qhb7+ 62. Ka5 Qaxa7#
{White checkmated}
0-1

[Event "ICCopen2017"]
[Site "Internet Chess Club"]
[Date "2017.03.19"]
[Round "4"]
[White "mn8"]
[Black "Osinger"]
[Result "1-0"]
[ICCResult "Black checkmated"]
[WhiteElo "1970"]
[BlackElo "1605"]
[Opening "Semi-Benoni (`blockade variation')"]
[ECO "A44"]
[NIC "OI.09"]
[Time "19:49:37"]
[TimeControl "180+0"]

1. d4 c5 2. d5 e5 3. e4 d6 4. Nc3 Be7 5. Nf3 Nf6 6. Be2 O-O 7. O-O Ne8 8.
Nd2 g6 9. Nc4 a6 10. a4 Ng7 11. f4 f6 12. a5 Nd7 13. f5 Rf7 14. Ne3 Nf8 15.
Bg4 h5 16. Bh3 g5 17. g4 h4 18. Bg2 Bd7 19. h3 b5 20. axb6 Qxb6 21. Nc4 Qa7
22. Be3 Bd8 23. b4 Rc8 24. bxc5 Rxc5 25. Nxd6 Re7 26. Bxc5 Qxc5+ 27. Kh1
Qxc3 28. Qe1 Qc5 29. Nb7 Qa7 30. Nxd8 Bb5 31. Rf2 Rc7 32. Ne6 Rc3 33. Qxc3
Qxf2 34. Qc8 Nxe6 35. dxe6 Kg7 36. e7 Nh7 37. e8=Q Bxe8 38. Qxe8 Nf8 39.
Qe7+ Kg8 40. Qxf6 Qf4 41. Rxa6 Qc1+ 42. Kh2 Qf4+ 43. Kg1 Qc1+ 44. Bf1 Qe3+
45. Kg2 Qxe4+ 46. Kg1 Qe3+ 47. Kh1 Qf3+ 48. Bg2 Qd1+ 49. Kh2 Qd2 50. Ra7
Qf4+ 51. Kh1 Qe3 52. Kh2 Qf4+ 53. Kh1 Qe3 54. Qg7# {Black checkmated} 1-0

[Event "ICCopen2017"]
[Site "Internet Chess Club"]
[Date "2017.03.19"]
[Round "4"]
[White "Attalus"]
[Black "Heian"]
[Result "1-0"]
[ICCResult "Black forfeits on time"]
[WhiteElo "1355"]
[BlackElo "1464"]
[Opening "Queen's pawn, Mason variation"]
[ECO "D00"]
[NIC "QP.08"]
[Time "19:48:47"]
[TimeControl "180+0"]

1. d4 d5 2. Bf4 e6 3. c4 c6 4. Nf3 Bd6 5. Bxd6 Qxd6 6. e3 f5 7. Bd3 Nf6 8.
Nbd2 O-O 9. O-O Nbd7 10. Ng5 Ne4 11. Ngf3 Qe7 12. Re1 Ndf6 13. h3 Nxd2 14.
Nxd2 b6 15. Qf3 Ne4 16. Qd1 Qh4 17. Nf3 Qf6 18. Qe2 Ng5 19. Nh2 Bd7 20. f4
Nf7 21. g4 Nd6 22. g5 Qe7 23. Qh5 g6 24. Qh6 Qg7 25. Nf3 Qxh6 26. gxh6 Nf7
27. Kf2 Nxh6 28. Rg1 Nf7 29. h4 Kh8 30. Ng5 Nxg5 31. hxg5 Kg7 32. Rh1 Rh8
33. Rh2 h6 34. gxh6+ Rxh6 35. Rxh6 Kxh6 36. Rh1+ Kg7 37. Kg3 Rh8 38. Rh3
Rxh3+ 39. Kxh3 Kh6 40. Kh4 Bc8 41. b3 Ba6 42. Be2 Bc8 43. Bd3 Bd7 44. a4 a5
45. c5 bxc5 46. dxc5 Be8 47. Ba6 Bd7 48. Bb7 Kg7 49. Kg5 Kf7 50. Ba6 Kg7 51.
Be2 Kf7 52. Kh6 Kf6 53. Bd3 Be8 54. Ba6 Bd7 55. Bb7 Be8 56. Bc8
{Black forfeits on time}
1-0

[Event "ICCopen2017"]
[Site "Internet Chess Club"]
[Date "2017.03.19"]
[Round "4"]
[White "Buscapina"]
[Black "CadiZKilleR"]
[Result "1-0"]
[ICCResult "Black resigns"]
[WhiteElo "1965"]
[BlackElo "1545"]
[Opening "Scandinavian (center counter) defense"]
[ECO "B01"]
[NIC "VO.17"]
[Time "19:49:25"]
[TimeControl "180+0"]

1. e4 d5 2. Nc3 dxe4 3. Nxe4 Bf5 4. Qf3 Qc8 5. Nc5 c6 6. Nxb7 Bg4 7. Qg3 h5
8. Nc5 h4 9. Qb3 e6 10. d4 Qd8 11. Qb7 Bxc5 12. Qxa8 Qxd4 13. Qxb8+ Ke7 14.
Be2 Qxf2+ 15. Kd1 Qf1+ 16. Kd2 Bxe2 17. Nxe2 Qxh1 18. Qc7+ Kf6 19. b4 Rh5
20. Bb2+ e5 21. Rxh1 {Black resigns} 1-0

[Event "ICCopen2017"]
[Site "Internet Chess Club"]
[Date "2017.03.19"]
[Round "4"]
[White "cheslikeyomama"]
[Black "Westman"]
[Result "1-0"]
[ICCResult "Black checkmated"]
[WhiteElo "1384"]
[BlackElo "1350"]
[Opening "Queen's Pawn"]
[ECO "A41"]
[NIC "QO.17"]
[Time "19:49:14"]
[TimeControl "180+0"]

1. d4 d6 2. e3 Nc6 3. f4 Nf6 4. Nf3 Bg4 5. c3 e5 6. Be2 e4 7. Nfd2 Bxe2 8.
Qxe2 d5 9. O-O Ne7 10. Qb5+ c6 11. Qxb7 Nf5 12. Qxc6+ Nd7 13. Nb3 Nxe3 14.
Bxe3 Be7 15. Qxd5 O-O 16. Qxe4 Nb6 17. N1d2 Re8 18. Qf3 Bd6 19. Ne4 Bc7 20.
Ng5 h6 21. Nh3 Rc8 22. Rae1 Nd5 23. Bd2 Rxe1 24. Rxe1 Nf6 25. Nc5 Qd6 26.
Nd3 Nd5 27. Ne5 f6 28. Ng6 Kh7 29. Nh4 g5 30. Qe4+ Kh8 31. Ng6+ Kg7 32. Ne7
Re8 33. Qg6+ Kf8 34. Qg8# {Black checkmated} 1-0